 Dungeon Crawl Stone Soup version 0.20.1-1-g8b1a95d (webtiles) character file.

1488 pstr the Conjurer (level 9, -9/72 HPs)
             Began as a Kobold Conjurer on Nov 9, 2017.
             Mangled by a large slime creature (28 damage)
             ... on level 5 of the Dungeon.
             The game lasted 00:27:54 (6611 turns).

pstr the Conjurer (Kobold Conjurer)                 Turns: 6611, Time: 00:27:54

Health: -9/72      AC:  6    Str: 10    XL:     9   Next: 7%
Magic:  12/19      EV: 18    Int: 27    God:
Gold:   224        SH:  0    Dex: 15    Spells: 14/21 levels left

rFire    . . .     SeeInvis .   D - +9 falchion of Ytisyegi {slice, rC+ Int+7 Dex-2}
rCold    + . .     Gourm    .   (shield restricted)
rNeg     + . .     Faith    .   s - +0 animal skin
rPois    .         Spirit   .   r - +2 helmet
rElec    .         Reflect  .   (no cloak)
rCorr    .         Harm     .   o - +0 pair of gloves
MR       .....                  (no boots)
Stlth    ..........             u - amulet of magic regeneration
Regen    0.3/turn               d - ring of positive energy
MPRegen  0.3/turn               h - +2 ring of dexterity

@: berserking, very quick
A: carnivore 3
a: no special abilities


You were on level 5 of the Dungeon.
You were very full.

You visited 1 branch of the dungeon, and saw 5 of its levels.

You collected 224 gold pieces.

Inventory:

Hand Weapons
 e - a -2 dagger
 l - a cursed -1 hand axe
 y - a +2 dagger of speed
 D - the +9 falchion of Ytisyegi (weapon) {slice, rC+ Int+7 Dex-2}
   (You found it on level 5 of the Dungeon)

   It inflicts extra damage upon your enemies.
   It affects your intelligence (+7).
   It affects your dexterity (-2).
   It protects you from cold.
Missiles
 q - 163 stones (quivered)
 x - 102 arrows
Armour
 a - a +0 robe
 i - a +0 scale mail
 j - a +2 hat
 o - a +0 pair of gloves (worn)
 r - a +2 helmet (worn)
 s - a +0 animal skin (worn)
Magical Staves
 B - an uncursed staff of earth
Jewellery
 d - a ring of positive energy (left hand)
 h - a +2 ring of dexterity (right hand)
 u - an amulet of magic regeneration (around neck)
Wands
 f - a wand of digging (9/24)
 F - a wand of digging (14/24)
Scrolls
 g - 3 scrolls of enchant weapon
 p - 2 scrolls of remove curse
 t - a scroll of fog
 v - a scroll of immolation
 C - a scroll of amnesia
 G - a scroll of recharging {unknown}
Potions
 k - 2 potions of curing
 w - 3 potions of degeneration {unknown}
 z - a potion of invisibility {unknown}
 E - a potion of ambrosia {unknown}
Books
 b - a book of Conjurations

   Spells                             Type                      Level
   a - Magic Dart                     Conjuration                  1
   b - Searing Ray                    Conjuration                  2
   c - Dazzling Spray                 Conjuration/Hexes            3
   d - Fulminant Prism                Conjuration/Hexes            4
   e - Force Lance                    Conjuration/Translocation    4
   f - Iskenderun's Mystic Blast      Conjuration                  4
Comestibles
 c - 2 meat rations
 m - a royal jelly
 A - 4 fruits


   Skills:
 + Level 2.2 Fighting
 + Level 1.3(1.5) Short Blades
 + Level 0.4(0.7) Long Blades
 + Level 5.4 Dodging
 + Level 4.4 Stealth
 + Level 6.9 Spellcasting
 + Level 7.4 Conjurations


You had 14 spell levels left.
You knew the following spells:

 Your Spells              Type           Power        Failure   Level  Hunger
a - Magic Dart            Conj           ####         1%          1    None
b - Searing Ray           Conj           #####.       1%          2    None
c - Iskenderun's Mystic   Conj           #####...     2%          4    ###....


Dungeon Overview and Level Annotations

Branches:
Dungeon (5/15)
 Temple: D:4-7

Altars:
Fedhas
Hepliaklqana
Nemelex Xobeh
Okawaru

Shops:
D:4 *


Innate Abilities, Weirdness & Mutations

You are small and have problems with some larger weapons.
You are carnivorous and can eat meat at any time.


Message History

You see here a stone.
Casting: Searing Ray
Confirm with . or Enter, or press ? or * to list all spells.
Aiming: Searing Ray
Press: ? - help, Shift-Dir - straight line, f/p - large slime creature
Aim: a large slime creature (severely wounded)
The searing ray hits the large slime creature.
The large slime creature is severely wounded. (Press . to maintain the ray.)
A large slime creature splits.
The slime creature hits you but does no damage.
The slime creature hits you!
* * * LOW HITPOINT WARNING * * *
Two slime creatures merge to form a large slime creature.
A red film seems to cover your vision as you go berserk!
You feel yourself moving faster!
You feel mighty!
You slash the large slime creature!
The large slime creature is severely wounded.
The large slime creature hits you!!
You die...

## ##.###.#.........# #.##.#.#..
.####.#####..###..##.###.##.....#
.........###.# #..##............#
#####.##.##..# #..##.###.##....#.
##.#.#.#.# #.........##.#.##.
#....(##.# #.###.######.#.##.
#(##.###.###.###.# #...... #.####
#.........# ###'##. #.#
#####@##### ##...## #.#
#####J##### ##.....# # ##.##
#.........# ##.......
####...#####.###.#...####........
'.......................'........
##........##.###.(...####........
##.##.###.##.# ##.#..# ##.......
#.#......##.# #.##.# ##...<.#
#.#...##.##.####.##.# ##...##


You could see a large slime creature.

Vanquished Creatures
  Sigmund (D:5)
  A phantom (D:4)
  An ice beast (D:5)
  An ogre (D:4)
  4 big kobolds (D:5)
  A bullfrog (D:5)
  A bullfrog zombie (D:5)
  A crimson imp (D:5)
  A bullfrog skeleton (D:4)
  5 jellies (D:5)
  3 orc wizards
  Ijyb (D:3)
  Jessica (D:3)
  Natasha (D:3)
  2 worker ants
  Robin (D:2)
  3 gnolls (D:5)
  8 adders
  A shadow imp (D:5)
  7 oozes
  3 worms
  3 dart slugs
  5 leopard geckos
  10 orcs
  A ball python (D:1)
  3 bats
  5 giant cockroaches
  13 goblins
  15 hobgoblins
  3 jackals (D:3)
  12 kobolds
  7 frilled lizards
  A jackal skeleton (D:4)
  6 rats
132 creatures vanquished.

Vanquished Creatures (others)
  9 fungi (D:5)
  8 toadstools (D:5)
17 creatures vanquished.

Grand Total: 149 creatures vanquished

Notes
Turn   | Place    | Note
-------+----------+-------------------------------------------
     0 | D:1      | pstr the Kobold Conjurer began the quest for the Orb.
     0 | D:1      | Reached XP level 1. HP: 10/10 MP: 3/3
   142 | D:1      | Reached XP level 2. HP: 15/15 MP: 0/5
   146 | D:1      | Learned a level 2 spell: Searing Ray
   685 | D:1      | Reached XP level 3. HP: 12/19 MP: 2/6
  1740 | D:2      | Noticed Robin
  1825 | D:2      | Killed Robin
  1825 | D:2      | Reached XP level 4. HP: 24/24 MP: 0/8
  2572 | D:2      | Reached XP level 5. HP: 28/28 MP: 6/9
  2784 | D:3      | Learned a level 4 spell: Iskenderun's Mystic Blast
  2915 | D:3      | Found a hazy altar of Hepliaklqana.
  3120 | D:3      | Reached skill level 5 in Conjurations
  3286 | D:3      | Noticed Jessica
  3295 | D:3      | Killed Jessica
  3672 | D:3      | Noticed Natasha
  3685 | D:3      | Killed Natasha
  3685 | D:3      | Reached XP level 6. HP: 28/33 MP: 6/11
  3739 | D:3      | Found a sparkling altar of Nemelex Xobeh.
  3807 | D:3      | Noticed Ijyb
  3853 | D:3      | Killed Ijyb
  4166 | D:4      | Noticed an ogre
  4193 | D:4      | Found Ossatocu's Assorted Antiques.
  4211 | D:4      | Killed an ogre
  4211 | D:4      | Reached skill level 1 in Fighting
  4314 | D:4      | Reached XP level 7. HP: 38/38 MP: 6/13
  4433 | D:4      | Reached skill level 1 in Short Blades
  4686 | D:4      | Found a sparkling altar of Nemelex Xobeh.
  4922 | D:4      | Reached skill level 6 in Conjurations
  5121 | D:5      | Entered Level 5 of the Dungeon
  5202 | D:5      | Found a blossoming altar of Fedhas.
  5210 | D:5      | Became a worshipper of Fedhas Madash
  5233 | D:5      | Got a twisted falchion
  5234 | D:5      | Identified the +9 falchion of Ytisyegi {slice, rC+ Int+7 Dex-2} (You found it on level 5 of the Dungeon)
  5442 | D:5      | Reached skill level 5 in Spellcasting
  5516 | D:5      | Reached skill level 5 in Dodging
  5516 | D:5      | Reached XP level 8. HP: 30/44 MP: 0/15
  5877 | D:5      | Found an iron altar of Okawaru.
  6086 | D:5      | Noticed Sigmund
  6090 | D:5      | Killed Sigmund
  6223 | D:5      | Reached skill level 7 in Conjurations
  6476 | D:5      | Reached XP level 9. HP: 48/48 MP: 12/19
  6481 | D:5      | Fell from the grace of Fedhas
  6483 | D:5      | Noticed a slime creature
  6490 | D:5      | Noticed a slime creature
  6611 | D:5      | Mangled by a large slime creature

Skill      XL: |  1  2  3  4  5  6  7  8 |
---------------+-------------------------+-----
Stealth        | 3 4 |  4.4
Dodging        | 3 4 5 |  5.4
Spellcasting   | 3 4 5 6 |  6.9
Conjurations   | 5 6 7 |  7.4
Fighting       | 1 2 |  2.2
Short Blades   | 1 |  1.3
Long Blades    | |  0.4

Action                   |  1- 3 |  4- 6 |  7- 9 || total
-------------------------+-------+-------+-------++-------
Melee: Dagger            |    10 |    55 |     2 ||    67
       Falchion          |       |       |     7 ||     7
 Cast: Magic Dart        |    27 |    20 |     6 ||    53
       Searing Ray       |    21 |    51 |    53 ||   125
       Iskenderun's Myst |       |     3 |    17 ||    20
Invok: Fungal Bloom      |       |       |     1 ||     1
       Renounce Religion |       |       |     1 ||     1
  Use: Scroll            |       |     8 |     3 ||    11
       Potion            |       |     1 |     3 ||     4
  Eat: Chunk             |    12 |    11 |     8 ||    31
Armor: Robe              |    15 |     3 |       ||    18
       Animal skin       |       |    22 |    10 ||    32
Dodge: Dodged            |    48 |    85 |    42 ||   175
       Rpst.: Falchion   |       |       |     3 ||     3
